 Dungeon Crawl Stone Soup version 0.18-a0-596-g6468885 (webtiles) character file.

3453 4thArraOfDagon the Cleaver (level 10, 1/88 HPs)
             Began as a Hill Orc Fighter on Dec 3, 2015.
             Was the Champion of the Shining One.
             Drowned
             ... in a bailey.
             The game lasted 00:24:44 (3938 turns).

4thArraOfDagon the Cleaver (Hill Orc Fighter)       Turns: 3938, Time: 00:24:45

Health: 1/88       AC: 12    Str: 20    XL:     10   Next: 6%
Magic:  13/14      EV: 13    Int: 11    God:    the Shining One [******]
Gold:   169        SH:  0    Dex:  8    Spells: 0 memorised, 9 levels left

rFire  . . .     SeeInvis .     J - +0 battleaxe
rCold  + . .     Clarity  +     b - +0 scale mail
rNeg   + + +     SustAt   .     (shield currently unavailable)
rPois  .         Gourm    .     (no helmet)
rElec  .         Spirit   .     y - +0 cloak
rCorr  .         Dismiss  .     E - +1 pair of gloves
rMut   .         Rnd*Tele +     u - +0 pair of boots
MR     .....                    f - amulet of faith
Stlth  ..........               s - ring of teleportation
                                i - +4 ring of evasion

@: glowing, not resistant to hostile enchantments, extremely unstealthy
A: berserk 1, blurry vision 1, clarity, clumsy 1, cold resistance 1, subdued
magic 1
a: Divine Shield, Cleansing Flame, Summon Divine Warrior, Brand Weapon With Holy
Wrath, Renounce Religion, Evoke Teleportation


You were in a bailey.
You worshipped the Shining One.
The Shining One was exalted by your worship.
You were not hungry.

You visited 1 branch of the dungeon, and saw 11 of its levels.
You also visited: Ossuary and Bailey.

You collected 578 gold pieces.
You spent 409 gold pieces at shops.

Inventory:

Hand Weapons
 a - a +1 war axe
 F - a +0 hand axe of freezing
 J - a +0 battleaxe (weapon)
Missiles
 P - 5 javelins of returning (quivered)
Armour
 b - a +0 scale mail (worn)
 c - a +0 shield
 u - a +0 pair of boots (worn)
 y - a +0 cloak (worn)
 E - a +1 pair of gloves (worn)
Jewellery
 f - an amulet of faith (around neck)
 i - a +4 ring of evasion (left hand)
 o - an uncursed ring of stealth {unknown}
 s - a ring of teleportation (right hand)
 w - an uncursed ring of protection from cold {unknown}
 B - an uncursed ring of protection from fire
 M - an uncursed ring of wizardry
Wands
 j - a wand of disintegration (5)
 l - a wand of invisibility (1)
 r - a wand of hasting (4)
 N - a wand of polymorph (0)
Scrolls
 k - 6 scrolls of enchant weapon
 n - a scroll of teleportation
 p - a scroll of magic mapping
 x - a scroll of amnesia
 C - 2 scrolls of recharging
 I - 2 scrolls of remove curse
Potions
 d - a potion of brilliance
 g - 3 potions of ambrosia
 q - 2 potions of haste
 t - a potion of curing
 v - a potion of resistance
 z - a potion of cancellation
 A - a potion of might
 G - a potion of berserk rage
 K - a potion of agility {unknown}
Comestibles
 e - 4 bread rations
 h - 7 fruits
 m - a meat ration
 H - 2 beef jerkies


   Skills:
 + Level 7.8 Fighting
 * Level 11.5 Axes
 + Level 7.2 Armour
 - Level 3.2 Shields
 + Level 6.5 Invocations
 + Level 4.7 Evocations


You had 9 spell levels left.
You didn't know any spells.

Dungeon Overview and Level Annotations

Branches:
Dungeon (11/15)            Temple (0/1) D:5             Orc (0/4) D:11
   Lair: D:8-11

Altars:
Elyvilon
Okawaru
Pakellas
Qazlal
Ru
Trog
Vehumet
Zin
The Shining One

Shops:
D:6 *   D:8 *   D:9 *(=*   D:11 =

Annotations:
D:3 nublet's ghost, amateur DrMo


Innate Abilities, Weirdness & Mutations

You tend to lose your temper in combat.
Scrolls take you a little longer to read.
You possess an exceptional clarity of mind.
You are clumsy. (Dex -2)
Your flesh is cold resistant.
Your spells are a little easier to cast, but a little less powerful.


Message History

Evoking this partially-identified wand wasted a few charges.
The centaur hits you from afar with a halberd.
The Shining One protects you from harm!
Unknown command.
Evoke which item? (* to show all) (? for menu, Esc to quit)
Zapping:
N - a wand of polymorph {zapped: 11} (will waste charges)
Press: ? - help, Shift-Dir - straight line, f/p - centaur
Aim: a centaur, wielding a halberd and wearing a scale mail (haloed, chance to defeat MR: 55%)
The centaur resists with significant effort.
Evoking this partially-identified wand wasted a few charges.
The centaur closely misses you.
Unknown command.
Evoke which item? (* to show all) (? for menu, Esc to quit)
Zapping:
N - a wand of polymorph {zapped: 14} (will waste charges)
Press: ? - help, Shift-Dir - straight line, f/p - centaur
Aim: a centaur, wielding a halberd and wearing a scale mail (haloed, chance to defeat MR: 55%) Nothing appears to happen.
You float gracefully downwards.
You fall into the water!
You sink like a stone!
You drown...
You die...

..o......⌠.≈≈.≈≈≈#...#..≈≈..≈≈≈≈≈
..ooooo.....≈c≈≈≈#..⌠#.≈≈.≈≈≈....
.≈≈≈≈≈≈≈....≈≈.≈≈#..##o≈.≈≈.)≈≈≈≈
≈≈≈≈≈≈≈≈≈≈.).#####.)#.≈≈.≈)≈≈≈...
≈≈≈≈≈≈≈≈≈≈≈...o..'.)#.≈)≈≈.≈..⌠.⌠
≈≈≈...≈≈≈≈≈......'..#.≈.)..≈..∩∩∩
≈≈≈≈≈≈≈≈≈≈≈......'..#.≈.≈≈.≈..⌠.⌠
≈≈o≈≈≈≈≈≈≈...#####..#o≈≈.≈.≈≈≈...
.≈≈≈≈≈≈≈....≈≈c≈@#o.##.≈.≈≈..≈≈≈≈
...oo.o.....≈h≈≈≈#..⌠#.≈≈.≈≈≈....
.........⌠.≈≈.≈≈≈#...#..≈≈..≈≈≈≈≈
...........≈.≈≈≈≈#.o.#.⌠.≈≈≈.....
.........≈≈≈.≈≈≈≈#oo.##....≈≈≈≈≈≈
.≈≈≈).≈≈≈≈≈#....#####...o..
≈≈..≈≈≈≈≈≈≈#..... #######
..≈≈≈≈≈≈≈≈## ≈≈≈≈≈≈≈≈≈##


You could see a warg and a centaur.

Vanquished Creatures
  Maurice (D:9)
  A hippogriff (D:11)
  Menkaure (Ossuary)
  2 sky beasts
  2 ice beasts
  2 phantoms
  An ogre (D:9)
  A necrophage (D:11)
  2 centaurs (D:9)
  3 orc warriors
  2 elf zombies (D:5)
  3 giant frogs
  2 scorpions
  A vampire bat (D:4)
  An orc priest (D:11)
  3 wights (D:10)
  A giant frog zombie (D:5)
  4 crimson imps
  2 jellies
  3 centaur zombies
  4 hounds
  A centaur skeleton (D:4)
  2 human skeletons (D:5)
  3 iguanas
  3 orc wizards
  3 ogre zombies (Ossuary)
  6 mummies (Ossuary)
  A hound skeleton (D:4)
  5 adders
  A shadow imp (D:5)
  7 adder zombies
  A worm (D:5)
  2 adder skeletons
  3 fire bats (D:4)
  2 giant geckos
  20 orcs
  2 spectral bats (D:4)
  A bat simulacrum (D:4)
  3 bat skeletons (D:4)
  A bat zombie (D:4)
  2 giant cockroaches (D:2)
  3 hobgoblins
  4 jackals
  A ball python (D:2)
  11 bats
  A giant gecko zombie (D:8)
  4 giant newts
  5 goblins
  7 goblin zombies (Ossuary)
  4 hobgoblin zombies (Ossuary)
  3 kobolds
  3 kobold zombies (Ossuary)
  2 orc skeletons (D:5)
  7 quokkas
  A quokka skeleton (D:5)
  6 quokka zombies (Ossuary)
  3 rats
  A rat zombie (Ossuary)
177 creatures vanquished.

Notes
Turn   | Place    | Note
--------------------------------------------------------------
     0 | D:1      | 4thArraOfDagon the Hill Orc Fighter began the quest for the Orb.
     0 | D:1      | Reached XP level 1. HP: 19/19 MP: 1/1
   188 | D:2      | Reached XP level 2. HP: 21/27 MP: 2/2
   255 | D:3      | Noticed nublet's ghost (amateur DrMo)
   455 | D:2      | Reached XP level 3. HP: 30/33 MP: 3/3
   516 | D:4      | Reached skill level 4 in Axes
   544 | D:4      | Found a white marble altar of Elyvilon.
   556 | D:4      | Reached XP level 4. HP: 33/40 MP: 4/4
   576 | D:5      | Entered Level 5 of the Dungeon
   593 | D:5      | Found a sacrificial altar of Ru.
   624 | D:5      | Found a glowing golden altar of the Shining One.
   637 | D:5      | Became a worshipper of the Shining One
   678 | D:5      | Reached skill level 5 in Axes
   678 | D:5      | Reached XP level 5. HP: 44/47 MP: 5/5
   682 | D:5      | Found an oddly glowing altar of Pakellas.
   795 | D:5      | Reached * piety under the Shining One
   806 | D:5      | Found a sand-covered staircase.
   825 | D:5      | Reached skill level 6 in Axes
   825 | D:5      | Reached XP level 6. HP: 22/53 MP: 6/6
   829 | Ossuary  | Entered an ossuary
   849 | Ossuary  | Reached skill level 1 in Invocations
   901 | Ossuary  | Reached ** piety under the Shining One
   914 | Ossuary  | Reached skill level 1 in Evocations
  1056 | Ossuary  | Reached *** piety under the Shining One
  1159 | Ossuary  | Reached skill level 5 in Fighting
  1181 | Ossuary  | Reached **** piety under the Shining One
  1191 | Ossuary  | Reached XP level 7. HP: 46/61 MP: 8/8
  1233 | Ossuary  | Noticed Menkaure
  1242 | Ossuary  | Killed Menkaure
  1242 | Ossuary  | Reached skill level 7 in Axes
  1242 | Ossuary  | Reached skill level 5 in Armour
  1356 | D:5      | Found a bloodstained altar of Trog.
  1397 | D:5      | Found a staircase to the Ecumenical Temple.
  1401 | D:5      | Reached ***** piety under the Shining One
  1539 | D:4      | Found a glowing silver altar of Zin.
  1680 | D:4      | Reached skill level 8 in Axes
  1680 | D:4      | Reached XP level 8. HP: 66/69 MP: 10/10
  1790 | D:4      | Found a radiant altar of Vehumet.
  2069 | D:6      | Found Zecon's General Store.
  2075 | D:6      | Bought a scroll of teleportation for 42 gold pieces
  2075 | D:6      | Bought a scroll of identify for 28 gold pieces
  2075 | D:6      | Bought a scroll of identify for 28 gold pieces
  2075 | D:6      | Bought a potion of berserk rage for 70 gold pieces
  2167 | D:6      | Gained mutation: Your flesh is cold resistant. [potion of mutation]
  2167 | D:6      | Gained mutation: You possess an exceptional clarity of mind. [potion of mutation]
  2167 | D:6      | Gained mutation: Your spells are a little easier to cast, but a little less powerful. [potion of mutation]
  2295 | D:5      | Found an iron altar of Okawaru.
  2346 | D:7      | Found a stormy altar of Qazlal.
  2466 | D:9      | Reached skill level 9 in Axes
  2508 | D:8      | Noticed a two-headed ogre
  2543 | D:8      | Found Safaox's General Store.
  2548 | D:8      | Bought a scroll of remove curse for 36 gold pieces
  2603 | D:9      | Found Cir Deno's Antique Weapon Boutique.
  2631 | D:9      | Noticed Maurice
  2644 | D:9      | Killed Maurice
  2644 | D:9      | Reached XP level 9. HP: 65/78 MP: 12/12
  2657 | D:9      | :()
  2786 | D:9      | Found Fuidigeu's Jewellery Shop.
  2806 | D:9      | Reached skill level 10 in Axes
  2824 | D:9      | Reached skill level 5 in Invocations
  2858 | D:9      | Found a sacrificial altar of Ru.
  2862 | D:9      | Found Rigag's Assorted Antiques.
  2871 | D:9      | Bought an orange potion for 23 gold pieces
  2871 | D:9      | Bought a scroll labeled DUDAIKKE KOTYI for 26 gold pieces
  2889 | D:9      | Gained mutation: You tend to lose your temper in combat. [potion of mutation]
  2889 | D:9      | Gained mutation: Scrolls take you a little longer to read. [potion of mutation]
  2889 | D:9      | Gained mutation: You are clumsy. (Dex -2) [potion of mutation]
  3002 | D:9      | Found Gautir's Assorted Antiques.
  3010 | D:9      | Bought a scroll labeled WAVON SASI for 26 gold pieces
  3010 | D:9      | Bought a tubular copper ring for 130 gold pieces
  3059 | D:10     | Entered Level 10 of the Dungeon
  3430 | D:11     | Reached skill level 11 in Axes
  3438 | D:11     | Found Waheck's Jewellery Shoppe.
  3438 | D:11     | Reached ****** piety under the Shining One
  3481 | D:11     | Found a staircase to the Orcish Mines.
  3521 | D:11     | Found a flagged portal.
  3536 | Bailey   | Entered a bailey
  3688 | Bailey   | Reached XP level 10. HP: 55/88 MP: 14/14
  3926 | Bailey   | The Shining One protects you from harm!
  3926 | Bailey   | HP: 4/88 [centaur/javelin of returning (5)]
  3932 | Bailey   | HP: 2/88 [centaur/javelin of returning (8)]
  3932 | Bailey   | The Shining One protects you from harm!
  3936 | Bailey   | The Shining One protects you from harm!
  3938 | Bailey   | Drowned

Vault maps used:
D:1:      wheals_arrival_shading, hex_medium, minmay_newt_pond
D:2:      marbit_many_paths, first_bread
D:4:      elyvilon_altar_1, lemuel_crystal_altar, kennysheep_mini_moat,
          goddamned_bats
D:5:      kennysheep_mini, nicolae_overflow_crystal_walls,
          nicolae_ru_sacrificial_ziggurat, overflow_temple_1_default,
          johnstein_pakellas_dig, minmay_temple_entry_statues_pillars,
          nicolae_ossuary_entry_catacombs, hex_intersection
D:6:      grunt_gozag_breadcrumbs, serial_shops, shop, solitary_fountain
D:7:      makhleb_blood_cavern_becter, basic_altar
D:8:      slow_altar_1, kiku_gazebo_pond_becter, serial_shops, shop
D:9:      basic_altar, serial_shops, shop, nicolae_shop_behind_doors, shop,
          shop, uniq_maurice
D:10:     david_lair_shrubbed
D:11:     orc_0_dummy, enter_bailey_2, serial_shops, shop, grunt_livestock
Ossuary:  ossuary_boxes_badplayer
Bailey:   bailey_polearm_flooded_kennysheep, bailey

Action                   |  1- 3 |  4- 6 |  7- 9 | 10-12 || total
-------------------------+-------+-------+-------+-------++-------
Melee: War axe           |    73 |   171 |   205 |       ||   449
       Battleaxe         |       |       |    99 |    12 ||   111
 Abil: Evoke Teleportati |       |       |       |     1 ||     1
Evoke: Wand              |       |       |    11 |     4 ||    15
  Use: Scroll            |     2 |     2 |    22 |     2 ||    28
       Potion            |       |       |     5 |     7 ||    12
  Eat: Fruit             |       |     1 |     2 |       ||     3
       Chunk             |       |       |     8 |       ||     8
       Pizza             |       |       |       |     2 ||     2
